 Dungeon Crawl Stone Soup version 0.28.0-49-g6dfe1f597d (webtiles) character file.

Game seed: 11518309935574431058

234 nickcage the Cudgeller (level 5, -7/38 HPs)
             Began as a Demonspawn Gladiator on May 11, 2022.
             Mangled by Dowan
             ... wielding a +4 dagger of protection
              (10 damage)
             ... on level 4 of the Dungeon.
             The game lasted 00:08:01 (4313 turns).

nickcage the Cudgeller (Demonspawn Gladiator)       Turns: 4313, Time: 00:08:02

Health: -7/38      AC: 11    Str: 17    XL:     5   Next: 75%
Magic:  5/5        EV:  5    Int:  9    God:
Gold:   10         SH:  4    Dex: 14    Spells: 4/4 levels left

rFire   . . .      SeeInvis .   a - +0 flail
rCold   . . .      Faith    .   (no shield)
rNeg    . . .      Spirit   .   p - +0 plate armour
rPois   .          Reflect  .   c - +0 helmet
rElec   .          Harm     .   (no cloak)
rCorr   .          Rampage  .   (no gloves)
Will    .....                   (no boots)
Stlth   ..........              (no amulet)
HPRegen 0.12/turn               (no ring)
MPRegen 0.09/turn               (no ring)

@: lethally poisoned (-7 -> -29)
A: powered by death 1, condensation shield, demonic touch 1
a: no special abilities


You were on level 4 of the Dungeon.
You visited 1 branch of the dungeon, and saw 4 of its levels.

You collected 10 gold pieces.

Inventory:

Hand Weapons
 a - a +0 flail (weapon)
Missiles
 d - 2 throwing nets
 n - 5 atropa-tipped darts
 r - 3 boomerangs (quivered)
Armour
 b - a +0 leather armour
 c - a +0 helmet (worn)
 p - a +0 plate armour (worn)
Jewellery
 m - an amulet of faith
 u - a ring of fire
Scrolls
 f - a scroll of noise {unknown}
 k - a scroll of acquirement {unknown}
 q - a scroll of blinking {unknown}
 t - a scroll of teleportation {unknown}
Potions
 g - 2 potions of heal wounds
 h - 2 potions of brilliance
 i - 2 potions of curing
 j - 3 potions of attraction
 l - a potion of resistance {unknown}
 o - a potion of mutation {unknown}
 s - a potion of lignification {unknown}


   Skills:
 - Level 2.0 Fighting
 + Level 5.9 Maces & Flails
 - Level 1.7 Throwing
 - Level 2.6 Dodging
 - Level 0.4 Shields


You had 4 spell levels left.
You didn't know any spells.
Your spell library contained the following spells:

 Spells                   Type           Power      Damage    Failure   Level
 Blink                    Tloc           0%         N/A       100%        2
 Corpse Rot               Necr/Air       0%         N/A       100%        2
 Poisonous Vapours        Pois/Air       0%         N/A       100%        2
 Lesser Beckoning         Tloc           0%         N/A       100%        3
 Manifold Assault         Tloc           0%         N/A       100%        5


Dungeon Overview and Level Annotations

Branches:
Dungeon (4/15)
 Temple: D:4-7

Altars:

Annotations:
D:4 Dowan, Duvessa


Innate Abilities, Weirdness & Mutations

You regenerate a little health from kills.
A meltable shield of frost defends you. (SH +4)
Your touch may inflict minor irresistible damage on your foes.


Message History

You throw a boomerang.
The boomerang hits Duvessa but does no damage.
Duvessa is moderately wounded.
Duvessa struggles against the net.
You throw a boomerang. The boomerang barely misses Duvessa.
Duvessa struggles against the net.
The net rips apart, and Duvessa comes free!
You throw a boomerang. The boomerang hits Dowan.
Dowan is lightly wounded.
Duvessa says, "My weaknesses are his strengths!"
There is an escape hatch in the floor here.
You hit Duvessa but do no damage.
You touch Duvessa.
Duvessa is heavily wounded.
Duvessa hits you with a +2 rapier of venom.
You are poisoned.
You barely miss Duvessa.
Duvessa is heavily wounded.
You feel sick.
Dowan mumbles some strange words.
Dowan blinks!
Duvessa hits you with a +2 rapier of venom.
You hit Duvessa but do no damage.
You touch Duvessa.
Duvessa is severely wounded.
You feel sick. Dowan hits you but does no damage.
Duvessa hits you but does no damage.
You are more poisoned.
You hit Duvessa.
Duvessa is severely wounded.
You feel very sick.
Dowan hits you with a +4 dagger of protection.
Duvessa gestures with her weapon.
Duvessa hits you with a +2 rapier of venom.
* * * LOW HITPOINT WARNING * * *
You are more poisoned.
You hit Duvessa.
You touch Duvessa.
Duvessa is almost dead.
* * * LOW HITPOINT WARNING * * *
You feel extremely sick.
Dowan hits you with a +4 dagger of protection!
You die...

..#.## #.
##.#..# ≈
##.....## ≈.
#..††...#≈≈ ≈#
#.........≈ #
#####...((.....
#.....(....#...
#.........##
#e. ##@e...#>##
#..# #e##..###
#.... #####.#
#.##. #..##
####.)#
##..####.#...##
#.............
#....#....#...
#...##..###...
##..#.........


You could see Duvessa (poisoned) and Dowan.

Vanquished Creatures
  A hound (D:4)
  A bullfrog skeleton (D:4)
  4 adders
  3 gnolls (D:4)
  An adder skeleton (D:2)
  An adder zombie (D:2)
  A worm (D:2)
  2 dart slugs
  8 orcs (D:3)
  7 bats
  9 endoplasms
  2 giant cockroaches (D:1)
  10 hobgoblins
  9 jackals
  3 quokkas
  8 ball pythons
  A ball python zombie (D:2)
  3 frilled lizards
  5 goblins
  3 kobolds
  8 rats
90 creatures vanquished.

Notes
Turn   | Place    | Note
-------+----------+-------------------------------------------
     0 | D:1      | nickcage the Demonspawn Gladiator began the quest for the
                  | Orb.
     0 | D:1      | Reached XP level 1. HP: 16/16 MP: 1/1
   247 | D:1      | Reached skill level 3 in Maces & Flails
   504 | D:1      | Gained mutation: A meltable shield of frost defends you.
                  | (SH +4) [demonic ancestry]
   504 | D:1      | Reached XP level 2. HP: 19/22 MP: 2/2
  1488 | D:1      | Gained mutation: Your touch may inflict minor irresistible
                  | damage on your foes. [demonic ancestry]
  1488 | D:1      | Reached XP level 3. HP: 22/27 MP: 3/3
  1732 | D:2      | Reached skill level 4 in Maces & Flails
  2204 | D:2      | Gained mutation: You regenerate a little health from kills.
                  | [demonic ancestry]
  2204 | D:2      | Reached XP level 4. HP: 28/33 MP: 4/4
  2571 | D:2      | You fall into a shaft and drop 1 floor!
  2864 | D:3      | Reached skill level 5 in Maces & Flails
  3742 | D:4      | Reached XP level 5. HP: 23/38 MP: 5/5
  3996 | D:4      | Noticed Dowan
  3997 | D:4      | Noticed Duvessa
  4313 | D:4      | Mangled by Dowan

Illustrated notes

Levels and vault maps discovered:
D:1:      dpeg_arrival_stone_temple_mockup, layout_basic, serial_forest,
          infiniplex_forest_lined_corner, infiniplex_forest_straight_3,
          infiniplex_forest_clump_small, infiniplex_forest_lined_2,
          infiniplex_forest_zigzag_2, infiniplex_forest_clump_tiny,
          infiniplex_forest_lined_room_3, infiniplex_forest_straight_3
D:2:      layout_loops_corners, serial_shops, shop, serial_undead,
          serial_undead_b, serial_undead_c, serial_undead_e, serial_undead_a,
          minmay_circle_x
D:3:      layout_basic, kennysheep_generic_room_9
D:4:      layout_cave_pools, serial_shops, nicolae_shop_waterfront, uniq_duvessa

Skill      XL: |  1  2  3  4 |
---------------+-------------+-----
Maces & Flails | 3 4 5 |  5.9
Fighting       | |  2.0
Throwing       | |  1.7
Dodging        | |  2.6
Shields        | |  0.4

Action                   |  1- 3 |  4- 6 || total
-------------------------+-------+-------++-------
Melee: Flail             |   126 |   117 ||   243
       Touch             |     9 |    20 ||    29
       Punch             |     1 |     1 ||     2
Throw: Boomerang         |       |     6 ||     6
       Dart              |       |     5 ||     5
       Throwing net      |       |     1 ||     1
  Use: Scroll            |       |     4 ||     4
Armor: Leather armour    |    40 |       ||    40
       Plate armour      |       |    75 ||    75
Dodge: Dodged            |    95 |    26 ||   121
Block: Other             |    20 |    23 ||    43
